AoeStats
← simplicissimus

Arabia

507474087Analyzed
1v1 RM · 15d ago on Sep 18, 2026· 43m 12s· 2 players
Game mode
Random Map
Map size
Tiny (2 player)
Population
200
Speed
Normal
Resources
Standard
Victory
Conquest
Starting age
Dark Age
Ending age
Imperial Age
RankedLock teamsTeams togetherTeam positionsShared explorationLock speedFull tech treeHidden civsTurbo modeCheats
Victory
Defeat
🇩🇪 Malians · Germany
1095
+14
🇧🇦 Japanese · Bosnia & Herzegovina
1048
-14
Falconbih
6:29 Loom
10:08 Feudal Age
10:16 Man-at-Arms
11:38 Scale Mail Armor
13:01 Double-Bit Axe
14:33 Fletching
17:52 Forging
22:05 Castle Age
20:06 Horse Collar
21:46 Padded Archer Armor
22:11 Elite Skirmisher
23:07 Bodkin Arrow
23:40 Thumb Ring
23:11 Long Swordsman
25:40 Bow Saw
27:08 Ballistics
27:28 Chain Mail Armor
28:42 Leather Archer Armor
28:59 Pikeman
29:59 Stone Mining
30:01 Gold Mining
30:20 Squires
34:08 Wheelbarrow
36:24 Heavy Plow
39:33 Iron Casting
41:21 Hand Cart
41:49 Town Watch
simplicissimus
6:43 Loom
10:30 Feudal Age
11:07 Double-Bit Axe
14:32 Fletching
14:46 Horse Collar
19:19 Wheelbarrow
23:01 Castle Age
21:19 Padded Archer Armor
22:32 Gold Mining
23:20 Bloodlines
23:04 Crossbowman
24:14 Bodkin Arrow
25:18 Scale Barding Armor
26:43 Bow Saw
28:21 Chain Barding Armor
28:49 Ballistics
30:02 Heavy Plow
34:58 Hand Cart
35:21 Forging
35:26 Town Watch
37:53 Leather Archer Armor
40:51 Imperial Age
38:19 Elite Skirmisher
39:49 Stone Mining
40:57 Husbandry
41:07 Tigui
42:45 Iron Casting
41:37 Cavalier
43:16 Plate Barding Armor
Connection lost

Rejoining the realm…

Still unreachable

The connection could not be restored.

Session expired

The server has moved on; the page needs a fresh start.